 Dungeon Crawl Stone Soup version 0.32-a0-909-gc671339a80 (webtiles) character file.

Game seed: 12875769290700903584

21004 Griffin23 the Fencer (level 12, 0/113 HPs)
             Began as a Minotaur Fighter on Apr 6, 2024.
             Was an Elder of Nemelex Xobeh.
             Slain by an eight-headed hydra (2 damage)
             ... on level 2 of the Lair of Beasts.
             The game lasted 00:30:54 (15710 turns).

Griffin23 the Fencer (Minotaur Fighter)            Turns: 15710, Time: 00:30:54

Health: 0/113      AC: 18    Str: 30    XL:     12   Next: 50%
Magic:  11/11      EV:  7    Int:  5    God:    Nemelex Xobeh [****..]
Gold:   836        SH: 10    Dex: 12    Spells: 11/11 levels left

rFire   + . .        b - +5 long sword (holy)
rCold   + . .        S - +0 kite shield
rNeg    . . .        P - +2 chain mail {rPois}
rPois   +            (helmet restricted)
rElec   .            t - scarf {rC+ rF+}
rCorr   .            Z - +1 pair of gloves {infuse}
SInv    .            R - +0 pair of boots
Will    +....        y - amulet of Focsosir {Acrobat Rampage rPois}
Stlth   x              - ring of willpower
HPRegen 0.38/turn    u - +6 ring of strength
MPRegen 0.12/turn

%: acrobat, rampage, infuse magic (1 MP)
@: no status effects
A: horns 2, retaliatory headbutt
a: Renounce Religion, Draw Escape, Draw Destruction, Draw Summoning, Triple
Draw, Deal Four


You were on level 2 of the Lair of Beasts.
You worshipped Nemelex Xobeh.
Nemelex Xobeh was greatly pleased with you.
You visited 3 branches of the dungeon, and saw 13 of its levels.
You also visited: Gauntlet.

You collected 836 gold pieces.

Inventory:

Hand Weapons
 a - a +0 long sword
 b - a +5 long sword of holy wrath (weapon)
 z - a +0 scimitar
 J - a +0 dagger
Missiles
 l - 13 boomerangs (quivered)
 p - 4 throwing nets
 r - 9 javelins
Armour
 c - a +0 buckler
 g - a +1 buckler of reflection
 m - a scarf of repulsion
 t - a scarf of resistance (worn)
 P - a +2 chain mail of poison resistance (worn)
 R - a +0 pair of boots (worn)
 S - a +0 kite shield (worn)
 W - a +0 pair of gloves
 Z - a +1 pair of gloves of infusion (worn)
Jewellery
 s - an amulet of magic regeneration
 u - a +6 ring of strength (right hand)
 x - a ring of willpower (left hand)
 y - the amulet of Focsosir (around neck) {Acrobat Rampage rPois}
   (You took it off a minotaur in a Gauntlet)

   [amulet of the acrobat]

   Acrobat:   It increases your evasion while moving and waiting.
   rPois:     It protects you from poison.
   Rampage:   It bestows one free step when moving towards enemies.
 B - a +6 ring of strength
 L - an amulet of guardian spirit
 Y - a ring of resist corrosion
Wands
 e - a wand of flame (5)
 i - a wand of iceblast (13)
 A - a wand of polymorph (13)
 C - a wand of quicksilver (6)
 M - a wand of charming (14)
 O - a wand of mindburst (2)
Scrolls
 f - 2 scrolls of noise
 h - 3 scrolls of immolation
 j - a scroll of vulnerability
 k - a scroll of enchant weapon
 n - a scroll of fog
 o - 3 scrolls of poison
 v - 4 scrolls of teleportation
 w - a scroll of amnesia {unknown}
 D - 2 scrolls of revelation
 Q - 2 scrolls of enchant armour
 T - 2 scrolls of fear
 V - a scroll of brand weapon
Potions
 d - 5 potions of might
 q - 3 potions of haste
 E - 6 potions of curing
 F - a potion of heal wounds
 G - a potion of resistance
 H - a potion of enlightenment {unknown}
 I - 3 potions of ambrosia
 K - 3 potions of lignification
 N - 4 potions of mutation
 U - 2 potions of degeneration {unknown}


   Skills:
 + Level 12.4 Fighting
 * Level 16.3 Long Blades
 + Level 12.3 Armour
 - Level 9.9 Shields


You had 11 spell levels left.
You didn't know any spells.
Your spell library contained the following spells:

 Spells                   Type           Power      Damage    Failure   Level
 Magic Dart               Conj           0%         1d3       95%         1
 Ensorcelled Hibernation  Hex/Ice        0%         N/A       98%         2
 Jinxbite                 Hex            0%         N/A       98%         2
 Searing Ray              Conj           0%         2d4       98%         2
 Fugue of the Fallen      Necr           0%         N/A       100%        3
 Maxwell's Portable Pile  Tloc           0%         2d(5-13)  100%        3
 Ozocubu's Armour         Ice            0%         N/A       100%        3
 Anguish                  Hex/Necr       0%         N/A       100%        4
 Fulminant Prism          Conj/Alch      0%         3d5       100%        4
 Arcjolt                  Conj/Air       0%         1d10      100%        5
 Yara's Violent Unravell  Hex/Alch       0%         3d3       100%        5
 Enfeeble                 Hex            0%         N/A       100%        7
 Manifold Assault         Tloc           0%         N/A       100%        7
 Maxwell's Capacitive Co  Air            0%         ∞         100%        8


Dungeon Overview and Level Annotations

Branches:
Dungeon (10/15)            Temple (1/1) D:5            Lair (2/5) D:10
Gauntlet (visited)
  Swamp: Lair:2-3    Shoals: Lair:2-3     Snake: Lair:2-3    Spider: Lair:2-3
    Orc: D:9-12

Altars:
Ashenzari
Cheibriados
Dithmenos
Elyvilon
Fedhas
Gozag
Hepliaklqana
Kikubaaqudgha
Makhleb
Nemelex Xobeh
Okawaru
Qazlal
Ru
Sif Muna
Trog
Uskayaw
Vehumet
Wu Jian
Xom
Yredelemnul
Zin
The Shining One


Innate Abilities, Weirdness & Mutations

You have a pair of horns on your head.
You reflexively headbutt those who attack you in melee.


Message History

The eight-headed hydra bites you!
* * * LOW HITPOINT WARNING * * *
You block the eight-headed hydra's attack.
The eight-headed hydra bites you.
* * * LOW HITPOINT WARNING * * *
You block the eight-headed hydra's attack.
The eight-headed hydra barely misses you.
You block the eight-headed hydra's attack.
The eight-headed hydra bites you.
* * * LOW HITPOINT WARNING * * *
The eight-headed hydra bites you but does no damage.
The swamp worm closely misses you. You furiously retaliate!
You headbutt the swamp worm!
Aiming: Throw Flame
Press: ? - help, Shift-Dir - straight line, f/p - eight-headed hydra
Aim: an eight-headed hydra (almost dead, 89% to hit)
The puff of flame hits the eight-headed hydra!
The eight-headed hydra is almost dead.
You block the swamp worm's attack.
The eight-headed hydra bites you but does no damage.
You block the eight-headed hydra's attack.
The eight-headed hydra bites you!
* * * LOW HITPOINT WARNING * * *
The eight-headed hydra bites you but does no damage.
You block the eight-headed hydra's attack.
The eight-headed hydra bites you but does no damage.
The eight-headed hydra bites you.
* * * LOW HITPOINT WARNING * * *
The eight-headed hydra bites you but does no damage.
Unknown command.
You draw a card...
You have drawn Exile.
The iguana is devoured by a tear in reality.
The swamp worm bites you but does no damage.
The eight-headed hydra bites you!
* * * LOW HITPOINT WARNING * * *
The eight-headed hydra bites you but does no damage. x5
You block the eight-headed hydra's attack.
The eight-headed hydra bites you.
You die...
Your body disappears without a glow.

.........##.###...♣♣♣♣♣.......#..
.........#### ##♣♣♣.. ♣♣♣...>....
.........# ♣♣§§§ ♣♣.......
........## ♣§§§♣♣ ♣.......#
........# ♣♣§~§§ ♣......##
#.......# ♣§§~~ ♣♣...P###
........# ♣.§§ ♣....###.
#.......# ♣wD♣♣ ♣♣...##P.
##....#.#####♣ ♣@§♣ ♣.......
##.....###...♣♣♣§§♣♣♣♣ ♣.......
......#.......♣♣§§§..♣♣ ♣.......
...............♣♣♣♣...♣♣.........
..............♣♣≈.~....♣♣........
.............♣♣≈..~~.~♣♣.........
.#....#.......♣≈≈..~.~≈♣♣........
.#.......##...♣≈≈~~~~÷..♣♣.......
#......P####.#♣♣♣♣♣♣♣..♣♣........


You could see an eight-headed hydra and a swamp worm.

Vanquished Creatures
  A minotaur (Gauntlet)
  Harold (Lair:1)
  2 two-headed ogres
  6 death yaks (Lair:2)
  Pikel (D:5)
  A moth of wrath (Gauntlet)
  2 meliai (Gauntlet)
  A black mamba (Lair:2)
  3 elephants (Lair:1)
  A torpor snail (Lair:1)
  A cane toad (Lair:1)
  An unseen horror (D:10)
  2 rime drakes (Lair:2)
  3 komodo dragons
  Psyche (D:8)
  A tyrant leech (Lair:2)
  3 blink frogs
  Grinder (D:6)
  A dream sheep (Lair:2)
  3 centaur simulacra (Gauntlet)
  14 yaks
  A wraith (D:10)
  A basilisk (Lair:1)
  A steam dragon (D:9)
  A swamp worm (Lair:2)
  3 acid dragons
  Duvessa (D:6)
  8 water moccasins
  An orc warrior (D:9)
  2 black bears
  3 ice beasts
  A sky beast (D:7)
  2 centaurs (D:8)
  5 ogres
  6 wolves
  A lemure (D:5)
  2 phantoms
  Blork the orc (D:6)
  2 kobold brigands
  5 bullfrogs
  A scorpion (D:5)
  A hornet simulacrum (Gauntlet)
  Dowan (D:6)
  8 killer bees (D:9)
  2 bombardier beetles
  2 electric eels (D:6)
  11 howler monkeys
  3 hounds
  3 jellies (D:6)
  A gnoll bouda (D:6)
  5 orc priests
  7 iguanas
  8 orc wizards
  A human simulacrum (D:10)
  Robin (D:4)
  18 gnolls
  4 adders
  A shadow imp (D:5)
  A white imp (D:8)
  3 ribbon worms
  44 orcs
  7 bats
  An endoplasm (D:4)
  3 giant cockroaches
  11 hobgoblins
  9 jackals
  3 quokkas
  2 ball pythons (D:1)
  3 frilled lizards
  15 goblins
  18 kobolds
  5 rats
300 creatures vanquished.

Vanquished Creatures (others)
  A human simulacrum (D:10)
  A quokka (D:5)
2 creatures vanquished.

Grand Total: 302 creatures vanquished

Notes
Turn   | Place    | Note
-------+----------+-------------------------------------------
     0 | D:1      | Griffin23 the Minotaur Fighter began the quest for the Orb.
     0 | D:1      | Reached XP level 1. HP: 19/19 MP: 0/0
   150 | D:1      | Reached XP level 2. HP: 8/27 MP: 1/1
   612 | D:2      | Reached skill level 3 in Long Blades
   664 | D:2      | Reached XP level 3. HP: 33/33 MP: 2/2
   790 | D:2      | Reached XP level 4. HP: 40/40 MP: 3/3
  1396 | D:3      | Reached XP level 5. HP: 46/47 MP: 4/4
  1445 | D:3      | Reached skill level 4 in Long Blades
  2282 | D:4      | Reached skill level 5 in Armour
  2284 | D:4      | Reached skill level 5 in Fighting
  2600 | D:4      | Reached skill level 5 in Shields
  2602 | D:4      | Reached XP level 6. HP: 56/56 MP: 5/5
  2727 | D:4      | Reached skill level 5 in Long Blades
  2976 | D:4      | Noticed Robin
  3005 | D:4      | Killed Robin
  3250 | D:4      | Found a sparkling altar of Nemelex Xobeh.
  3254 | D:4      | Became a worshipper of Nemelex Xobeh the Trickster
  3343 | D:4      | Found a broken altar of Ashenzari.
  3412 | D:4      | Reached XP level 7. HP: 51/61 MP: 6/6
  3504 | D:5      | Entered Level 5 of the Dungeon
  3617 | D:5      | Found a staircase to the Ecumenical Temple.
  3625 | D:5      | Reached skill level 6 in Long Blades
  3645 | Temple   | Entered the Ecumenical Temple
  3845 | D:5      | Found a shadowy altar of Dithmenos.
  3845 | D:5      | Found an ancient bone altar of Kikubaaqudgha.
  4087 | D:5      | Noticed Pikel
  4100 | D:5      | Reached * piety under Nemelex Xobeh
  4152 | D:5      | Killed Pikel
  4153 | D:5      | Reached skill level 7 in Long Blades
  4153 | D:5      | Reached XP level 8. HP: 41/71 MP: 7/7
  4163 | D:5      | Received a gift from Nemelex Xobeh
  4412 | D:5      | Reached skill level 8 in Long Blades
  5553 | D:6      | Noticed Grinder
  5561 | D:6      | Killed Grinder
  5582 | D:6      | Reached skill level 9 in Long Blades
  5582 | D:6      | Reached XP level 9. HP: 65/79 MP: 8/8
  5597 | D:6      | Noticed Blork the orc
  5609 | D:6      | Killed Blork the orc
  5633 | D:6      | Noticed Duvessa
  5647 | D:6      | Killed Duvessa
  5708 | D:6      | Noticed Dowan
  5714 | D:6      | Killed Dowan
  5981 | D:6      | HP: 4/81 [acid dragon/splash of acid (13)]
  6442 | D:6      | Reached skill level 10 in Long Blades
  6665 | D:6      | Found a hazy altar of Hepliaklqana.
  6719 | D:6      | Received a gift from Nemelex Xobeh
  6818 | D:7      | Reached ** piety under Nemelex Xobeh
  6867 | D:7      | Found a shimmering altar of Xom.
  7105 | D:7      | Received a gift from Nemelex Xobeh
  7779 | D:8      | Found an iron altar of Okawaru.
  7825 | D:8      | Noticed Psyche
  7828 | D:8      | Killed Psyche
  7829 | D:8      | Reached skill level 11 in Long Blades
  7829 | D:8      | Reached XP level 10. HP: 79/90 MP: 9/9
  7953 | D:8      | Found a hide-covered altar of Uskayaw.
  8261 | D:8      | Found a snail-covered altar of Cheibriados.
  8287 | D:8      | Reached *** piety under Nemelex Xobeh
  9164 | D:9      | Received a gift from Nemelex Xobeh
  9490 | D:9      | Reached skill level 12 in Long Blades
  9707 | D:9      | Noticed a two-headed ogre
  9716 | D:9      | Killed a two-headed ogre
  9943 | D:10     | Entered Level 10 of the Dungeon
 10263 | D:10     | Found a staircase to the Lair.
 10285 | D:10     | Reached skill level 10 in Fighting
 10285 | D:10     | Reached XP level 11. HP: 74/99 MP: 10/10
 10666 | D:10     | Received a gift from Nemelex Xobeh
 10679 | D:10     | Reached skill level 10 in Armour
 10746 | D:10     | Reached skill level 13 in Long Blades
 10826 | D:10     | Noticed a two-headed ogre
 10837 | D:10     | Killed a two-headed ogre
 11179 | D:10     | Found a stormy altar of Qazlal.
 11588 | Lair:1   | Entered Level 1 of the Lair of Beasts
 11631 | Lair:1   | Noticed Harold
 11858 | Lair:1   | Killed Harold
 11895 | Lair:1   | Reached skill level 14 in Long Blades
 12121 | Lair:1   | Reached **** piety under Nemelex Xobeh
 12208 | Lair:1   | Received a gift from Nemelex Xobeh
 12784 | Lair:2   | Received a gift from Nemelex Xobeh
 13018 | Lair:2   | Found a gate leading to a gauntlet.
 13029 | Gauntlet | Entered a Gauntlet
 13029 | Gauntlet | Found a transporter.
 13029 | Gauntlet | Found a transporter.
 13041 | Gauntlet | Found a transporter.
 13059 | Gauntlet | Found a transporter.
 13059 | Gauntlet | Found a transporter.
 13059 | Gauntlet | Found a transporter.
 13061 | Gauntlet | Found a transporter.
 13061 | Gauntlet | Found a transporter.
 13074 | Gauntlet | Found a transporter.
 13087 | Gauntlet | Noticed a death yak
 13087 | Gauntlet | Noticed a death yak
 13087 | Gauntlet | Noticed a death yak
 13088 | Gauntlet | Noticed a death yak
 13088 | Gauntlet | Noticed a death yak
 13089 | Gauntlet | Noticed a death yak
 13090 | Gauntlet | Found a transporter.
 13091 | Gauntlet | Noticed a necromancer
 13100 | Gauntlet | Found a transporter.
 13115 | Gauntlet | Found a transporter.
 13150 | Gauntlet | Found a transporter.
 13155 | Gauntlet | Noticed a shining eye
 13162 | Gauntlet | Found a transporter.
 13908 | Gauntlet | Reached skill level 15 in Long Blades
 13912 | Gauntlet | Identified the -1 hand axe of the Warrior-Mage {flame,
                  | Str+3}
 14181 | Gauntlet | Identified the +8 shortbow of Fear {flame, ^Drain rElec
                  | MP+9 Str+5}
 14181 | Gauntlet | Identified the amulet of Focsosir {Acrobat Rampage rPois}
 14181 | Gauntlet | Noticed a minotaur
 14191 | Gauntlet | Killed a minotaur
 14192 | Gauntlet | Reached XP level 12. HP: 36/111 MP: 4/11
 14530 | Lair:1   | Identified a scroll of acquirement
 14531 | Lair:1   | Acquired a +5 long sword of holy wrath
 14722 | Lair:2   | Received a gift from Nemelex Xobeh
 14723 | Lair:2   | Noticed a death yak
 14723 | Lair:2   | Noticed a death yak
 14723 | Lair:2   | Noticed a death yak
 14724 | Lair:2   | Noticed a death yak
 14724 | Lair:2   | Noticed a death yak
 14724 | Lair:2   | Noticed a death yak
 14735 | Lair:2   | Killed a death yak
 14735 | Lair:2   | Killed a death yak
 14737 | Lair:2   | Killed a death yak
 14737 | Lair:2   | Killed a death yak
 14737 | Lair:2   | Killed a death yak
 14738 | Lair:2   | Reached skill level 16 in Long Blades
 14743 | Lair:2   | Killed a death yak
 15696 | Lair:2   | Noticed an eight-headed hydra
 15710 | Lair:2   | HP: 2/113 [eight-headed hydra (12)]
 15710 | Lair:2   | Slain by an eight-headed hydra

Illustrated notes

Levels and vault maps discovered:
D:1:      tekkud_arrival_beachfront_property, layout_basic
D:2:      layout_basic
D:3:      cheibrodos_helix_gallery, layout_loops_ring
D:4:      layout_basic, nemelex_dance_club_becter, nicolae_ashenzari_panopticon,
          uniq_robin
D:5:      layout_loops_cross, mainiacjoe_overflow_divided_tiny,
          minmay_temple_entry_slanted, hangedman_decor_points,
          lemuel_flame_loot_1, uniq_pikel
D:6:      layout_basic, mainiacjoe_overflow_alcove_1, serial_bayou_lake_a,
          uniq_grinder, uniq_blork_the_orc, uniq_duvessa
D:7:      layout_loops_ring, mainiacjoe_overflow_boulevard,
          minmay_misc_feat_plants, kennysheep_generic_room_11
D:8:      layout_basic, okawaru_trees_1, kennysheep_mini_moat,
          lemuel_doored_altar, billiards_dpeg, uniq_psyche
D:9:      layout_roguey
D:10:     layout_loops_ring, mainiacjoe_overflow_alcove_4, david_lair_shrubbed,
          bh_circular_ruins
Temple:   nicolae_temple_no_exploring_needed
Lair:1:   layout_regular_city, uniq_harold
Lair:2:   layout_hall_layers, palyth_hydra_swamp_entry, gauntlet_entry_generic,
          portal_ice_cave_entry_pillars_1, serial_bayou_shore_b,
          lemuel_fruit_tree

Skill      XL: |  1  2  3  4  5  6  7  8  9 10 11 12 |
---------------+-------------------------------------+-----
Fighting       | 4 5 6 7 8 10 11 12 | 12.4
Armour         | 4 5 6 7 8 9 11 12 | 12.3
Shields        | 4 5 6 7 8 9 |  9.9
Long Blades    | 3 4 5 7 9 11 12 15 16 | 16.3

Action                     |  1- 3 |  4- 6 |  7- 9 | 10-12 || total
---------------------------+-------+-------+-------+-------++-------
  Melee: Long sword        |    70 |   205 |    90 |    62 ||   427
         Headbutt          |     9 |    41 |    78 |   103 ||   231
         Scimitar          |       |       |   226 |   376 ||   602
 Invoke: Draw Destruction  |       |       |     1 |    29 ||    30
         Draw Summoning    |       |       |       |     1 ||     1
         Draw Escape       |       |       |       |     1 ||     1
  Evoke: Wand              |       |       |     4 |    25 ||    29
    Use: Scroll            |       |     9 |     6 |     7 ||    22
         Potion            |       |       |     2 |     1 ||     3
 Armour: Scale mail        |    76 |   139 |     3 |       ||   218
         Chain mail        |       |       |   216 |   438 ||   654
  Dodge: Dodged            |    21 |    80 |   104 |   140 ||   345
  Block: Buckler           |    22 |    54 |    91 |    48 ||   215
         Reflection        |       |     5 |     2 |     4 ||    11
         Kite shield       |       |       |       |   160 ||   160

Table legend: (Time is in decaauts)
 A = Elapsed time spent in this place.
 B = Non-inter-level travel time spent in this place.
 C = Inter-level travel time spent in this place.
 D = Time resting spent in this place.
 E = Time spent auto-exploring this place.
 F = Levels seen in this place.
 G = Mean time per level.
                   A        B        C        D        E       F      G
               +--------+--------+--------+--------+--------+-----+--------+
         Total |  15735 |  15273 |    462 |   3066 |   9516 |  14 | 1123.9 |
       Dungeon |  11797 |  11357 |    440 |   1530 |   7953 |  10 | 1179.7 |
        Temple |     47 |     47 |      0 |     37 |      0 |   1 |   47.0 |
          Lair |   2510 |   2488 |     22 |    722 |   1420 |   2 | 1255.0 |
      Gauntlet |   1380 |   1380 |      0 |    777 |    143 |   1 | 1380.0 |
               +--------+--------+--------+--------+--------+-----+--------+

Top non-repeatable levels by time:
     D:5: 1807 daAuts
    D:10: 1715 daAuts
     D:6: 1461 daAuts
  Lair:2: 1438 daAuts
Gauntlet: 1380 daAuts
     D:4: 1186 daAuts
     D:8: 1161 daAuts
     D:9: 1124 daAuts
  Lair:1: 1072 daAuts
     D:3: 987 daAuts
     D:7: 956 daAuts
     D:2: 779 daAuts
     D:1: 617 daAuts
  Temple: 47 daAuts
